 Dungeon Crawl Stone Soup version 0.29-a0-337-g68df138881 (webtiles) character file.

Game seed: 14909557704977656623

33 YayAnonymity the Ducker (level 3, -3/28 HPs)
             Began as a Djinni Gladiator on Apr 16, 2022.
             Killed from afar by Natasha (7 damage)
             ... with a magic dart
             ... on level 2 of the Dungeon.
             The game lasted 00:02:48 (898 turns).

YayAnonymity the Ducker (Djinni Gladiator)           Turns: 898, Time: 00:02:49

Health: -3/28      AC:  4    Str: 13    XL:     3   Next: 47%
Gold:   73         EV: 13    Int:  9    God:
                   SH:  0    Dex: 16

rFire   + + .      SeeInvis .   a - +0 rapier
rCold   x . .      Faith    .   (no shield)
rNeg    . . .      Spirit   .   b - +0 leather armour
rPois   ∞          Reflect  .   c - +0 helmet
rElec   .          Harm     .   (no cloak)
rCorr   .          Rampage  .   (no gloves)
Will    .....                   (boots unavailable)
Stlth   +.........              (no amulet)
HPRegen 0.09/turn               (no ring)
MPRegen 0.00/turn               (no ring)

@: flying
A: sickness immunity, fire resistance 2, cold vulnerability 1, float, innate
caster, HP casting, extra vitality 1
a: no special abilities


You were on level 2 of the Dungeon.
You visited 1 branch of the dungeon, and saw 2 of its levels.

You collected 73 gold pieces.

Inventory:

Hand Weapons
 a - a +0 rapier (weapon)
Missiles
 d - 3 throwing nets (quivered)
 e - a javelin
Armour
 b - a +0 leather armour (worn)
 c - a +0 helmet (worn)
Jewellery
 g - an amulet of the acrobat
Scrolls
 f - a scroll of fear {unknown}
 i - a scroll of enchant weapon {unknown}
 k - a scroll of teleportation {unknown}
Potions
 h - a potion of degeneration {unknown}
 j - a potion of ambrosia {unknown}
 l - a potion of might {unknown}


   Skills:
 - Level 2.0 Fighting
 * Level 3.5 Short Blades
 - Level 1.5 Throwing
 + Level 3.8 Dodging


You had one spell level left.
You knew the following spells:

 Your Spells              Type           Power      Damage    Failure   Level
a - Apportation           Tloc           0%         N/A       45%         1
Your spell library was empty.

Dungeon Overview and Level Annotations

Branches:
Dungeon (2/15)

Altars:

Annotations:
D:2 Natasha


Innate Abilities, Weirdness & Mutations

You are immune to sickness and miasma.
You are immune to poison.
Your flesh is very heat resistant. (rF++)
You are vulnerable to cold. (rC-)
You float through the air rather than walking.
You learn spells naturally, not from books.
Your magical power is your life essence.
You have superior vitality. (+4 MHP)


Message History

You are too injured to fight recklessly!
You are too injured to fight recklessly!
You hit Natasha.
Natasha is moderately wounded.
Natasha barely misses you.
You hit Natasha but do no damage.
Natasha is moderately wounded.
Natasha stares at you and mumbles some strange words.
The magic dart hits you!
* * * LOW HITPOINT WARNING * * *
You hit Natasha.
Natasha is moderately wounded.
Natasha barely misses you.
You closely miss Natasha.
Natasha is moderately wounded.
Natasha howls an incantation.
Natasha shimmers violently.
Natasha closely misses you.
You hit Natasha but do no damage.
Natasha is moderately wounded.
Natasha stares at you and mumbles some strange words.
You resist with some effort.
You barely miss Natasha.
Natasha is moderately wounded.
Natasha misses you.
You hit Natasha but do no damage.
Natasha is moderately wounded.
Natasha barely misses you.
You puncture Natasha!
Natasha is almost dead.
Natasha closely misses you.
You hit Natasha.
Natasha is almost dead.
Natasha claws you.
* * * LOW HITPOINT WARNING * * *
You barely miss Natasha.
Natasha is almost dead.
Natasha stares at you and mumbles some strange words.
The magic dart hits you!
You die...

.............#.##
......?........... ##
................... #.
................... #.
................... #.
................... #.
............h...... #.
.).........@....... #.
...............#### #.
######?######## #.
#######.###################.
............................
###.....####################
#.....# #..?..# #.....#


You could see Natasha.

Vanquished Creatures
  2 dart slugs (D:1)
  5 endoplasms (D:1)
  2 giant cockroaches (D:1)
  A goblin (D:1)
  2 hobgoblins (D:1)
  3 ball pythons (D:1)
  8 bats (D:1)
  2 frilled lizards (D:1)
  A rat (D:1)
26 creatures vanquished.

Notes
Turn   | Place    | Note
-------+----------+-------------------------------------------
     0 | D:1      | YayAnonymity the Djinni Gladiator began the quest for the
                  | Orb.
     0 | D:1      | Reached XP level 1. HP: 18/18 MP: 0/0
   196 | D:1      | Reached XP level 2. HP: 18/23 MP: 0/0
   456 | D:1      | Reached XP level 3. HP: 28/28 MP: 0/0
   456 | D:1      | Learned a level 1 spell: Apportation
   881 | D:2      | Noticed Natasha
   898 | D:2      | Killed from afar by Natasha

Illustrated notes

Levels and vault maps discovered:
D:1:      amcnicky_arrival_choice, layout_basic
D:2:      layout_basic, shapermc_ecumenical_altar_pompeii,
          chequers_serial_rivers_micro_e, chequers_serial_rivers_small_b,
          minmay_domino_4, uniq_natasha

Skill      XL: |  1 |
---------------+----+-----
Short Blades   | 3 |  3.5
Fighting       | |  2.0
Throwing       | |  1.5
Dodging        | |  3.8

Action                   || total
-------------------------++-------
Melee: Rapier            ||    90
 Stab: Sleeping          ||     2
Armor: Leather armour    ||    28
Dodge: Dodged            ||    77

Table legend: (Time is in decaauts)
 A = Elapsed time spent in this place.
 B = Non-inter-level travel time spent in this place.
 C = Inter-level travel time spent in this place.
 D = Time resting spent in this place.
 E = Time spent auto-exploring this place.
 F = Levels seen in this place.
 G = Mean time per level.
                   A        B        C        D        E       F      G
               +--------+--------+--------+--------+--------+-----+--------+
         Total |    900 |    847 |     53 |      0 |    645 |   2 |  450.0 |
       Dungeon |    900 |    847 |     53 |      0 |    645 |   2 |  450.0 |
               +--------+--------+--------+--------+--------+-----+--------+

Top non-repeatable levels by time:
     D:1: 841 daAuts
     D:2: 58 daAuts
